 Dungeon Crawl Stone Soup version 0.20-a0-4-gd166d5d (webtiles) character file.

1891 TheGoonsmith the Purveyor of Pain (level 8, -4/58 HPs)
             Began as a Demonspawn Necromancer on Oct 31, 2016.
             Was an Initiate of Kikubaaqudgha.
             Slain by an orc warrior
             ... wielding a +0 hand axe
              (19 damage)
             ... on level 6 of the Dungeon.
             The game lasted 00:14:07 (10054 turns).

TheGoonsmith the Purveyor of Pain (DsNe)           Turns: 10054, Time: 00:14:08

Health: -4/58      AC:  6    Str:  9    XL:     8   Next: 93%
Magic:  0/16       EV: 12    Int: 18    God:    Kikubaaqudgha [......]
Gold:   234        SH:  5    Dex: 14    Spells: 4 memorised, 6 levels left

rFire  . . .     SeeInvis .     c - +0 dire flail
rCold  . . .     Gourm    .     a - +1 robe
rNeg   . . .     Faith    .     (shield currently unavailable)
rPois  .         Spirit   +     (helmet restricted)
rElec  .         Reflect  +     o - +0 cloak
rCorr  .         Harm     .     (no gloves)
MR     .....                    (no boots)
Stlth  ++........               y - +5 amulet of reflection
                                (no ring)
                                i - ring of flight

@: no status effects
A: horns 2, yellow scales 1, magic shield
a: Renounce Religion, Evoke Flight


You were on level 6 of the Dungeon.
You worshipped Kikubaaqudgha.
Kikubaaqudgha was noncommittal.
You were very hungry.

You visited 2 branches of the dungeon, and saw 8 of its levels.

You collected 306 gold pieces.
You spent 72 gold pieces at shops.

Inventory:

Hand Weapons
 c - a +0 dire flail (weapon)
 j - a +0 club
 l - a -3 flail
 x - a +0 flail
Missiles
 k - 2 silver tomahawks
 s - 5 tomahawks (quivered)
Armour
 a - a +1 robe (worn)
 o - a +0 cloak (worn)
Jewellery
 i - a ring of flight (left hand)
 y - a +5 amulet of reflection (around neck)
Wands
 p - a wand of confusion (30/48)
Scrolls
 b - 3 scrolls of remove curse
 r - a scroll of identify
 t - 2 scrolls of teleportation
Potions
 e - 2 potions of cure mutation
 m - 4 potions of curing
 u - a potion of cancellation
 v - a potion of berserk rage
 z - 3 potions of flight
 A - a potion of resistance
Books
 q - a book of Necromancy

   Spells                             Type                      Level
   a - Pain                           Necromancy                   1
   b - Animate Skeleton               Necromancy                   1
   c - Vampiric Draining              Necromancy                   3
   d - Regeneration                   Charms/Necromancy            3
   e - Animate Dead                   Necromancy                   4
   f - Control Undead                 Necromancy                   4
Comestibles
 g - 2 slices of pizza
 h - 4 beef jerkies
 n - 3 meat rations


   Skills:
 + Level 3.3 Fighting
 * Level 4.6 Maces & Flails
 - Level 1.7 Dodging
 - Level 1.7 Stealth
 - Level 5.4 Spellcasting
 - Level 4.0 Charms
 - Level 8.2 Necromancy


You had 6 spell levels left.
You knew the following spells:

 Your Spells              Type           Power        Failure   Level  Hunger
a - Pain                  Necr           ####         1%          1    None
c - Control Undead        Necr           ####......   4%          4    ####...
q - Regeneration          Chrm/Necr      ####......   2%          3    ##.....
s - Vampiric Draining     Necr           ####......   1%          3    ##.....


Dungeon Overview and Level Annotations

Branches:
Dungeon (7/15)             Temple (1/1) D:5

Altars:
Ashenzari
Cheibriados
Dithmenos
Elyvilon
Fedhas
Gozag
Hepliaklqana
Kikubaaqudgha
Makhleb
Nemelex Xobeh
Okawaru
Qazlal
Ru
Sif Muna
Trog
Uskayaw
Vehumet
Xom
Yredelemnul
Zin
The Shining One

Shops:
D:5 *


Innate Abilities, Weirdness & Mutations

You have a pair of horns on your head.
You are partially covered in yellow scales. (AC +2)
When hurt, damage is shared between your health and your magic reserves.


Message History

You closely miss the orc warrior.
The orc warrior hits you but does no damage.
You hit the orc warrior but do no damage.
The orc warrior hits you with a hand axe!
* * * LOW HITPOINT WARNING * * *
Casting: Vampiric Draining
Confirm with . or Enter, or press ? or * to list all spells.
You don't have enough magic to cast that spell.
You feel much better.
The orc warrior hits you with a hand axe.
You hit the orc warrior but do no damage.
The orc warrior hits you with a hand axe!
* * * LOW HITPOINT WARNING * * *
You puncture the orc warrior!
The orc warrior is moderately wounded.
You hit the orc warrior.
The orc warrior is heavily wounded.
The orc warrior hits you with a hand axe!!
You die...
Kikubaaqudgha rasps: "You have failed me!
Welcome... death!"

#.# #......####### #.#
#.####.##..... ###########.# #.#
#.##.#### ...<........#
####.####.##.# .#####.###..#
#......##.##.# ## .#####.###..##
#.##.#.##.##.###. .##......#...##
#.##......##.#...
.##.##.#.....o###.####.#####.#.#.
.##.##.#.....o{o@.# #.### #.#.#.
.......###..####### #...# #.....
###.##......# ###.# ###.#.
###.#######o# #.# #.## ......#
##'## #.# #.# (#...[# ##..(## #.#
#.## ......###.....## ####.# #...
......##>......## ##.##.# ####
......#.........####...#.########


You could see an orc warrior and 2 orcs.

Vanquished Creatures
  Sigmund (D:2)
  An orc warrior (D:6)
  An ice beast (D:5)
  A black bear (D:6)
  A phantom (D:6)
  A necrophage (D:6)
  4 ogres
  A centaur (D:5)
  A big kobold (D:6)
  2 bullfrogs (D:6)
  A scorpion (D:5)
  The ghost of moogleknight the Shooter, a weakling DsWn (D:3)
  A bullfrog zombie (D:7)
  2 crimson imps
  A centaur skeleton (D:5)
  3 orc priests
  4 hounds
  A worker ant (D:5)
  2 hound zombies
  A worker ant zombie (D:5)
  4 adders
  3 shadow imps
  2 adder skeletons
  4 worms
  4 dart slugs
  8 leopard geckos
  12 orcs
  3 giant cockroaches
  6 hobgoblins
  2 jackals (D:1)
  2 quokkas (D:5)
  2 ball pythons
  4 bats
  6 frilled lizards
  9 goblins
  A jackal skeleton (D:4)
  A jackal zombie (D:5)
  11 kobolds
  A leopard gecko skeleton (D:5)
  2 quokka skeletons
  12 rats
130 creatures vanquished.

Vanquished Creatures (collateral kills)
  An orc (D:7)
1 creature vanquished.

Grand Total: 131 creatures vanquished

Notes
Turn   | Place    | Note
-------+----------+-------------------------------------------
     0 | D:1      | TheGoonsmith the Demonspawn Necromancer began the quest for the Orb.
     0 | D:1      | Reached XP level 1. HP: 13/13 MP: 3/3
   514 | D:1      | Gained mutation: You are partially covered in yellow scales. (AC +2) [demonic ancestry]
   514 | D:1      | Reached XP level 2. HP: 19/19 MP: 3/5
   910 | D:1      | Reached skill level 5 in Necromancy
  1340 | D:2      | Noticed Sigmund
  1523 | D:2      | Gained mutation: You have a pair of small horns on your head. [demonic ancestry]
  1523 | D:2      | Reached XP level 3. HP: 24/24 MP: 4/6
  1536 | D:2      | Learned a level 3 spell: Vampiric Draining
  2150 | D:3      | Noticed moogleknight's ghost (weakling DsWn)
  2748 | D:4      | Reached XP level 4. HP: 14/30 MP: 0/8
  3720 | D:5      | Entered Level 5 of the Dungeon
  3750 | D:5      | Learned a level 3 spell: Regeneration
  3769 | D:5      | Reached skill level 6 in Necromancy
  4008 | D:5      | Noticed an ogre
  4234 | D:5      | Gained mutation: When hurt, damage is shared between your health and your magic reserves. [demonic ancestry]
  4234 | D:5      | Reached XP level 5. HP: 10/35 MP: 0/10
  4560 | D:5      | Noticed an ice beast
  4567 | D:5      | Killed an ice beast
  4567 | D:5      | Reached skill level 7 in Necromancy
  4567 | D:5      | Gained mutation: You have a pair of horns on your head. [demonic ancestry]
  4567 | D:5      | Reached XP level 6. HP: 7/41 MP: 0/11
  4997 | D:5      | Learned a level 4 spell: Control Undead
  5162 | D:5      | Found Ceabure's General Store.
  5577 | D:5      | Bought a potion of curing for 36 gold pieces
  5577 | D:5      | Bought a potion of curing for 36 gold pieces
  6087 | D:5      | Found a staircase to the Ecumenical Temple.
  6356 | D:5      | Reached XP level 7. HP: 40/46 MP: 13/13
  6373 | D:5      | Reached skill level 8 in Necromancy
  6727 | D:6      | Reached skill level 5 in Spellcasting
  6936 | D:6      | Reached skill level 1 in Charms
  7467 | D:6      | Reached XP level 8. HP: 46/52 MP: 4/16
  7763 | D:6      | Reached skill level 1 in Fighting
  7763 | D:6      | Reached skill level 1 in Maces & Flails
  8456 | D:2      | Killed Sigmund
  9004 | D:3      | Killed moogleknight's ghost
  9735 | Temple   | Entered the Ecumenical Temple
  9961 | Temple   | Became a worshipper of Kikubaaqudgha
 10054 | D:6      | Slain by an orc warrior

Vault maps used:
D:1:      scummos_arrival_simple_fountains, corexii_leaking_fountain
D:2:      uniq_sigmund
D:3:      first_bread
D:4:      kennysheep_generic_room_12
D:5:      serial_shops, shop
D:7:      grunt_livestock
Temple:   roderic_octagonal_lattice_temple

Skill      XL: |  1  2  3  4  5  6  7  8 |
---------------+-------------------------+-----
Necromancy     | 5 6 7 8 |  8.2
Spellcasting   | 3 4 5 |  5.4
Charms         | 3 4 |  4.0
Fighting       | 3 |  3.3
Maces & Flails | 4 |  4.6
Dodging        | |  1.7
Stealth        | |  1.7

Action                   |  1- 3 |  4- 6 |  7- 9 || total
-------------------------+-------+-------+-------++-------
Melee: Unarmed           |    16 |       |       ||    16
       Club              |     7 |   183 |       ||   190
       Headbutt          |     2 |    22 |    23 ||    47
       Flail             |       |    19 |   228 ||   247
       Dire flail        |       |       |    16 ||    16
Throw: Tomahawk          |       |     6 |       ||     6
 Cast: Pain              |    86 |    62 |    73 ||   221
       Vampiric Draining |       |     2 |    21 ||    23
       Regeneration      |       |       |     8 ||     8
       Control Undead    |       |       |     2 ||     2
  Use: Scroll            |    10 |     2 |     5 ||    17
       Potion            |       |     1 |     3 ||     4
  Eat: Chunk             |     6 |     2 |     9 ||    17
       Bread ration      |       |     2 |     1 ||     3
       Royal jelly       |       |     1 |       ||     1
Armor: Robe              |    12 |    61 |    70 ||   143
Dodge: Dodged            |    15 |   123 |   168 ||   306
Block: Other             |     5 |    50 |    72 ||   127
       Reflection        |       |       |     3 ||     3
